 Dungeon Crawl Stone Soup version 0.21-a0-513-gdcb3f5e (webtiles) character file.

375 waterbugbear the Martial Artist (level 6, -9/47 HPs)
             Began as a Merfolk Monk on Dec 1, 2017.
             Mangled by a gnoll sergeant
             ... wielding a +0 spear
              (13 damage)
             ... on level 4 of the Dungeon.
             The game lasted 00:07:27 (3438 turns).

waterbugbear the Martial Artist (Merfolk Monk)      Turns: 3438, Time: 00:07:27

Health: -9/47      AC:  3    Str: 12    XL:     6   Next: 73%
Magic:  6/6        EV: 14    Int:  9    God:
Gold:   193        SH:  0    Dex: 18    Spells: 5/5 levels left

rFire    . . .     SeeInvis .     - Unarmed
rCold    . . .     Gourm    .   (no shield)
rNeg     . . .     Faith    .   a - +0 robe
rPois    .         Spirit   .   (no helmet)
rElec    .         Reflect  .   x - +0 cloak
rCorr    +         Harm     .   (no gloves)
MR       .....                  (no boots)
Stlth    ++........             (no amulet)
HPRegen  0.15/turn              A - ring of resist corrosion
MPRegen  0.10/turn              (no ring)

@: no status effects
A: change form in water, swift swim, stealthy swim
a: no special abilities


You were on level 4 of the Dungeon.
You were not hungry.

You visited 1 branch of the dungeon, and saw 4 of its levels.

You collected 193 gold pieces.

Inventory:

Missiles
 h - 179 stones
 o - a tomahawk (quivered)
 y - 13 poisoned needles
Armour
 a - a +0 robe (worn)
 x - a +0 cloak (worn)
Jewellery
 A - a ring of resist corrosion (left hand)
Wands
 s - a wand of paralysis (3)
Scrolls
 e - a scroll of blinking {unknown}
 g - 2 scrolls of remove curse
 j - a scroll of noise {unknown}
 l - 3 scrolls of fear
 m - 2 scrolls of fog
 n - 2 scrolls of amnesia {unknown}
 q - a scroll of enchant weapon {unknown}
 r - a scroll of teleportation {unknown}
 z - a scroll of immolation {unknown}
Potions
 c - a potion of ambrosia
 f - a potion of might
 i - a potion of resistance
 t - a potion of curing
Comestibles
 b - 3 bread rations
 u - 2 royal jellies
 v - a meat ration
 w - 3 chunks of flesh


   Skills:
 - Level 3.2 Fighting
 - Level 4.0 Dodging
 - Level 2.1 Stealth
 * Level 8.1 Unarmed Combat


You had 5 spell levels left.
You didn't know any spells.

Dungeon Overview and Level Annotations

Branches:
Dungeon (4/15)
 Temple: D:4-7

Altars:
The Shining One


Message History

The gnoll sergeant resists with some effort.
The gnoll sergeant barely misses you.
Evoke which item? (* to show all) (? for menu, Esc to quit)
Aiming: Paralyse
Press: ? - help, Shift-Dir - straight line, f/p - gnoll sergeant
Aim: a gnoll sergeant, wielding a spear and wearing a ring mail (severely wounded, chance to defeat MR: 46%)
The gnoll sergeant resists with some effort.
The gnoll sergeant completely misses you.
You barely miss the gnoll sergeant.
The gnoll sergeant is severely wounded.
The gnoll sergeant hits you with a spear.
* * * LOW HITPOINT WARNING * * *
You hit the gnoll sergeant but do no damage.
The gnoll sergeant is severely wounded.
The gnoll sergeant hits you with a spear.
* * * LOW HITPOINT WARNING * * *
You closely miss the gnoll sergeant.
The gnoll sergeant is severely wounded.
The gnoll sergeant hits you with a spear!
You die...

### #........##.# *,*
..####...........# *,***
.................# *,,,,
...(..<..........# ****,
...)......#.####.# *************,
..........#..# #.# *,,,,,,,,,,,,,
..........##.# #.#**,************
..........#*.#*#.#,,,,,**********
..........#*..*#@#,,,,,,,,,,,,,,*
..........#**.##g#,,,,,,,,,,,,,,*
..........# *..#g#,,,,,,,,,,,,,,*
..........# *#.#.#****,**********
..........# #.#.# *,* .....######
#.#(# *,# .....# #.#.# *.# .....#
#...#####.#### .....#
###..#........#**


You could see a gnoll sergeant and a gnoll.

Vanquished Creatures
  An ogre (D:4)
  A scorpion (D:4)
  2 hounds (D:3)
  2 orc wizards (D:3)
  2 gnolls
  5 adders
  A dart slug (D:3)
  A leopard gecko (D:2)
  3 orcs (D:3)
  4 giant cockroaches
  5 goblins
  12 hobgoblins
  10 jackals
  4 bats
  5 frilled lizards
  8 kobolds
  A quokka skeleton (D:4)
  3 rats
70 creatures vanquished.

Notes
Turn   | Place    | Note
-------+----------+-------------------------------------------
     0 | D:1      | waterbugbear the Merfolk Monk began the quest for the Orb.
     0 | D:1      | Reached XP level 1. HP: 18/18 MP: 1/1
   413 | D:1      | Reached XP level 2. HP: 24/24 MP: 2/2
   416 | D:1      | Reached skill level 4 in Unarmed Combat
   997 | D:2      | Reached XP level 3. HP: 26/29 MP: 3/3
  1100 | D:2      | Reached skill level 5 in Unarmed Combat
  1171 | D:2      | Reached XP level 4. HP: 28/35 MP: 4/4
  2631 | D:3      | Reached skill level 6 in Unarmed Combat
  2631 | D:3      | Reached XP level 5. HP: 34/41 MP: 5/5
  3008 | D:3      | Reached skill level 7 in Unarmed Combat
  3008 | D:3      | Reached XP level 6. HP: 36/47 MP: 6/6
  3374 | D:4      | Reached skill level 8 in Unarmed Combat
  3393 | D:4      | Found a glowing golden altar of the Shining One.
  3438 | D:4      | Mangled by a gnoll sergeant

Vault maps used:
D:1:      moated_graveyard_arrival, minmay_pentomino_u4
D:3:      cheibrodos_gnoll_hut
D:4:      kennysheep_little_box

Skill      XL: |  1  2  3  4  5  6 |
---------------+-------------------+-----
Unarmed Combat | 4 5 6 7 8 |  8.1
Fighting       | |  3.2
Dodging        | |  4.0
Stealth        | |  2.1

Action                   |  1- 3 |  4- 6 || total
-------------------------+-------+-------++-------
Melee: Unarmed           |   102 |   203 ||   305
       Punch             |     3 |     4 ||     7
Throw: Tomahawk          |       |     3 ||     3
Evoke: Wand              |       |     7 ||     7
  Use: Scroll            |     2 |     7 ||     9
       Potion            |     2 |       ||     2
 Stab: Sleeping          |     1 |     3 ||     4
       Distracted        |     1 |     1 ||     2
       Paralysed         |       |     5 ||     5
  Eat: Chunk             |     1 |     7 ||     8
Armor: Robe              |    11 |    25 ||    36
Dodge: Dodged            |    72 |   148 ||   220

Table legend:
 A = Spawn XP
 B = Non-spawn XP
 C = Spawn XP percentage of total XP
 D = Spawn monster count
 E = Non-spawn monster count
 F = Spawn count percentage of total count
 G = Total turns spent on level
                    A         B        C        D         E        F      G
               +---------+---------+-------+---------+---------+-------+---------
         Total |       0 |     537 |   0.0 |       0 |      70 |   0.0 |  3438
               +---------+---------+-------+---------+---------+-------+---------
           D:1 |       0 |      25 |   0.0 |       0 |      16 |   0.0 |   907
           D:2 |       0 |      89 |   0.0 |       0 |      23 |   0.0 |   988
           D:3 |       0 |     219 |   0.0 |       0 |      24 |   0.0 |  1249
           D:4 |       0 |     204 |   0.0 |       0 |       7 |   0.0 |   294
               +---------+---------+-------+---------+---------+-------+---------
